 Dungeon Crawl Stone Soup version 0.29-a0-275-g389c0b56f3 (webtiles) character file.

Game seed: 6134551999077404054

95 spaghetti the Ducker (level 4, -1/34 HPs)
             Began as an Octopode Chaos Knight on Mar 10, 2022.
             Was a Plaything of Xom.
             Slain by an orc wizard
             ... wielding a +0 dagger
              (3 damage)
             ... on level 2 of the Dungeon.
             The game lasted 00:04:28 (2162 turns).

spaghetti the Ducker (Octopode Chaos Knight)        Turns: 2162, Time: 00:04:30

Health: -1/34      AC:  1    Str: 11    XL:     4   Next: 66%
Magic:  4/4        EV: 14    Int: 16    God:    Xom [......]
Gold:   130        SH:  0    Dex: 13    Spells: 3/3 levels left

rFire   . . .      SeeInvis .   j - +2 triple sword (vorpal) {longrare=g}
rCold   . . .      Faith    .   (shield currently unavailable)
rNeg    . . .      Spirit   .   (helmet restricted)
rPois   .          Reflect  .   (no amulet)
rElec   .          Harm     .   g - +4 ring of slaying
rCorr   .          Rampage  .   (no ring)
Will    .....                   (no ring)
Stlth   ++........              (no ring)
HPRegen 0.11/turn               (no ring)
MPRegen 0.09/turn               (no ring)
                                (no ring)
                                (no ring)

@: confused, mighty, brilliant
A: almost no armour, amphibious, 8 rings, camouflage 1, gelatinous body 1,
(nimble swimmer 1), tentacles, clever 1, robust 1
a: Renounce Religion


You were on level 2 of the Dungeon.
You worshipped Xom.
You were a very special plaything of Xom.
You visited 1 branch of the dungeon, and saw 3 of its levels.

You collected 130 gold pieces.


Innate Abilities, Weirdness & Mutations

You cannot wear most types of armour.
You are amphibious.
You can wear up to eight rings at the same time.
Your skin changes colour to match your surroundings (Stealth+).
Your rubbery body absorbs attacks. (AC +1, EV +1)
((You are camouflaged when in or above water. (Stealth+)))
You have tentacles for arms and can constrict up to eight enemies at once.
Your mind is acute. (Int +2)
You are robust. (+10% HP)


   Skills:
 - Level 3.0 Fighting
 - Level 3.0(3.4) Short Blades
 + Level 2.4(3.1) Long Blades
 - Level 4.1 Dodging


You had 3 spell levels left.
You didn't know any spells.
Your spell library was empty.

Inventory:

Hand Weapons
 a - a +0 short sword of chaos {short}
 d - a +1 dagger of protection {short}
   (You took it off a kobold on level 1 of the Dungeon)
 j - a +2 vorpal triple sword (weapon) {longrare=g}
   (Xom gifted it to you on level 1 of the Dungeon)
Missiles
 c - 10 stones (quivered) {throwing}
Jewellery
 g - a +4 ring of slaying (left tentacle)
   (You took it off a goblin on level 2 of the Dungeon)
 h - a ring of positive energy
   (You found it on level 1 of the Dungeon)
Scrolls
 e - a scroll of acquirement {unknown}
Potions
 l - a potion of might
Miscellaneous
 b - a piece from Xom's chessboard (4/15)

Dungeon Overview and Level Annotations

Branches:
Dungeon (3/15)

Altars:

#.# #.#####.# #.# #.#
#.#...#.###########.# ##
##.######.#...#.............#
.###......##.#...####.########.#
...#......##.#.............###.#
....).......................##.#
............................##.#
#.....#.....................##.#
......+.........@>..........####
.#'#..#..........{).........#
.#.#..#...........###.####'##
......+.......#+#.# #.# #.######
...#..#....##.....###+####.##....
...#..####.##..................#.
...#..# #.##...........##.#####.
......## #.......................
...#...###.##..........###.###.##


There were no monsters in sight!


Message History

You are confused.
Xom titters.
You are more confused.
The orc misses you.
Unknown command.
Unknown command.
Unknown command.
The orc wizard casts a spell.
The orc wizard flickers and vanishes!
Deactivating autopickup; reactivate with Ctrl-A.
The orc hits you with a +0 hand axe.
A magic dart appears from out of thin air!
The magic dart hits you! 😮 HP[-10]
You take 10 damage, and now have 24/34 hp.
MASSIVE DAMAGE!! (PAUSE) It was a potion of ambrosia.
You are more confused.
You feel invigorated.
Xom thinks this is hilarious!
The orc hits you with a +0 hand axe. 😮 HP[-2]
You take 2 damage, and now have 22/34 hp.
Unknown command.
Unknown command.
The orc hits you with a +0 hand axe. Something hits you.
Things that are here:
a stone {throwing}; a +0 whip {mace}; a +0 ring mail 😮 HP[-1]
You take 1 damage, and now have 21/34 hp.
Something completely misses you. 😕 HP[+6]
You regained 6 hp, and now have 27/34 hp.
Something hits you. The orc barely misses you.
There is a stone staircase leading up here. 😕 HP[-1]
You take 1 damage, and now have 26/34 hp.
The orc completely misses you. Something hits you.
You climb upwards.
Reactivating autopickup.
There is a stone staircase leading down here. 😎 HP[+8]
Your hp is fully restored (34).
Unknown command.
Unknown command.
Unknown command.
You barely miss the orc. You squeeze the orc!
You kill the orc!
Something hits you.
Deactivating autopickup; reactivate with Ctrl-A.
You hear some strange, mumbled words.
A magic dart appears from out of thin air!
The magic dart hits you. 😮 HP[-9]
You take 9 damage, and now have 25/34 hp.
MASSIVE DAMAGE!! (PAUSE)
You barely miss something. Your squeeze misses something.
You feel less invigorated. Something hits you. x2
Things that are here:
a +0 hand axe {axe}; a +0 leather armour; an orc corpse 😕 HP[+1]
You barely miss something.
You hear some strange, mumbled words.
You are more confused.
You hear some strange, mumbled words.
A puff of flame appears from out of thin air!
The puff of flame hits you. 😮 HP[-6]
You take 6 damage, and now have 20/34 hp.
You miss something. Your squeeze misses something. Something hits you.
* * * LOW HITPOINT WARNING * * *
Something hits you but does no damage. 😨 HP[-3]
You take 3 damage, and now have 17/34 hp.
Unknown command.
Something hits you.
* * * LOW HITPOINT WARNING * * *
😨 HP[-3]
You take 3 damage, and now have 14/34 hp.
It was a potion of magic.
Magic courses through your body.
Xom roars with laughter!
Something hits you.
* * * LOW HITPOINT WARNING * * *
😨 HP[-4]
You take 4 damage, and now have 10/34 hp.
It was a potion of brilliance.
You feel clever all of a sudden.
You hear some strange, mumbled words.
You are more confused.
It was a potion of might.
You feel very mighty all of a sudden. Something hits you.
* * * LOW HITPOINT WARNING * * *
😱 HP[-5]
You take 5 damage, and now have 5/34 hp.
You barely miss something. Your squeeze misses something. Something hits you.
* * * LOW HITPOINT WARNING * * *
Something hits you.
You die... "Huh?
Did I miss anything?"

Skill      XL: |  1  2  3  4 |
---------------+-------------+-----
Dodging        | 3 4 |  4.1
Long Blades    | 1 2 |  2.4
Fighting       | |  3.0
Short Blades   | |  3.0

Action                   |  1- 3 |  4- 6 || total
-------------------------+-------+-------++-------
Melee: Short sword       |    11 |       ||    11
       Tentacles         |    21 |     3 ||    24
       Dagger            |    50 |       ||    50
       Constrict         |    20 |       ||    20
       Triple sword      |    15 |    17 ||    32
Throw: Stone             |       |    30 ||    30
Evoke: Piece from Xom's  |    17 |     1 ||    18
  Use: Scroll            |     5 |       ||     5
       Potion            |       |     4 ||     4
 Stab: Petrified         |     4 |       ||     4
       Paralysed         |     1 |       ||     1
       Sleeping          |     1 |     2 ||     3
Armor: Skin              |    20 |     1 ||    21
Dodge: Dodged            |    49 |     8 ||    57

Levels and vault maps discovered:
D:1:      psy_arrival_radial01, layout_basic,
          hellmonk_ecumenical_altar_arch_garden
D:2:      layout_basic
D:3:      layout_basic, nicolae_overflow_hallway_of_the_gods, uniq_sigmund

Notes
Turn   | Place    | Note
-------+----------+-------------------------------------------
     0 | D:1      | spaghetti the Octopode Chaos Knight began the quest for the
                  | Orb.
     0 | D:1      | Reached XP level 1. HP: 16/16 MP: 1/1
     0 | D:1      | magus.rc [v1.9.6]
   415 | D:1      | Reached skill level 3 in Dodging
   415 | D:1      | Reached XP level 2. HP: 15/21 MP: 2/2
   478 | D:1      | XOM: god gift: robe {god gift}
   499 | D:1      | XOM: noise
   632 | D:1      | XOM: 6-stop teleportation journey
   702 | D:1      | Found a faded altar of an unknown god.
   781 | D:1      | Reached XP level 3. HP: 24/26 MP: 3/3
   792 | D:1      | XOM: god gift: 33 gold pieces
   836 | D:1      | XOM: polymorph endoplasm -> gnoll
   848 | D:1      | Reached skill level 4 in Dodging
  1131 | D:1      | XOM: give mutations
  1131 | D:1      | Gained mutation: You are robust. (+10% HP) [Xom's grace]
  1131 | D:1      | Gained mutation: Your mind is acute. (Int +2) [Xom's grace]
  1132 | D:1      | XOM: god gift: +2 triple sword of freezing
  1133 | D:1      | j - a +2 triple sword of freezing {longrare=g}
  1134 | D:1      | your +2 triple sword of freezing {longrare=g} glows with a
                  | cold blue light!
  1134 | D:1      | j - a +2 triple sword of freezing (weapon) {longrare=g}
  1203 | D:1      | your +2 triple sword of freezing {longrare=g} emits a
                  | brilliant flash of light!
  1203 | D:1      | j - a +2 vorpal triple sword (weapon) {longrare=g}
  1294 | D:2      | Reached skill level 1 in Long Blades
  1460 | D:2      | Reached XP level 4. HP: 27/34 MP: 4/4
  1566 | D:2      | Reached skill level 2 in Long Blades
  1859 | D:2      | XOM is BORED!
  1952 | D:2      | XOM: 3-stop teleportation journey
  2142 | D:3      | XOM: confusion
  2161 | D:2      | HP: 5/34 [something (5)]
  2162 | D:2      | HP: 2/34 [something (4)]
  2162 | D:2      | Slain by an orc wizard

Vanquished Creatures
  3 adders (D:2)
  A gnoll (D:1)
  A worm (D:3)
  A dart slug (D:2)
  3 orcs
  2 endoplasms
  A giant cockroach (D:2)
  7 goblins
  4 hobgoblins
  3 jackals (D:1)
  7 kobolds (D:1)
  2 quokkas
  3 ball pythons (D:1)
  5 bats
  2 frilled lizards
  A rat (D:1)
46 creatures vanquished.

Table legend:
 A = Non-vault XP
 B = Vault XP
 C = Vault XP percentage of total XP
 D = Non-vault monster count
 E = Vault monster count
 F = Vault count percentage of total count
                 A         B        C        D         E       F
            +---------+---------+-------+---------+---------+-------
      Total |     137 |       0 |   0.0 |      46 |       0 |   0.0
            +---------+---------+-------+---------+---------+-------
        D:1 |      61 |       0 |   0.0 |      28 |       0 |   0.0
        D:2 |      64 |       0 |   0.0 |      14 |       0 |   0.0
        D:3 |      12 |       0 |   0.0 |       4 |       0 |   0.0
            +---------+---------+-------+---------+---------+-------

Illustrated notes

Table legend:
 A = Kills in this place as a percentage of kills in entire the game.
 B = Kills by you in this place as a percentage of kills by you in the entire game.
 C = Kills by friends in this place as a percentage of kills by friends in the entire game.
 D = Other kills in this place as a percentage of other kills in the entire game.
 E = Experience gained in this place as a percentage of experience gained in the entire game.
 F = Experience gained in this place divided by the number of levels of this place that you have seen.
                   A       B       C       D       E      F
               +-------+-------+-------+-------+-------+----------------------
         Total | 100.0 | 100.0 |   N/A |   N/A | 100.0 |  45.7
       Dungeon | 100.0 | 100.0 |   N/A |   N/A | 100.0 |  45.7
               +-------+-------+-------+-------+-------+----------------------

Table legend: (Time is in decaauts)
 A = Elapsed time spent in this place.
 B = Non-inter-level travel time spent in this place.
 C = Inter-level travel time spent in this place.
 D = Time resting spent in this place.
 E = Time spent auto-exploring this place.
 F = Levels seen in this place.
 G = Mean time per level.
                   A        B        C        D        E       F      G
               +--------+--------+--------+--------+--------+-----+--------+
         Total |   2176 |   2146 |     30 |    449 |   1324 |   3 |  725.3 |
       Dungeon |   2176 |   2146 |     30 |    449 |   1324 |   3 |  725.3 |
               +--------+--------+--------+--------+--------+-----+--------+

Top non-repeatable levels by time:
     D:1: 1208 daAuts
     D:2: 899 daAuts
     D:3: 67 daAuts
